 Dungeon Crawl Stone Soup version 0.27.1-1-g398f81649c (webtiles) character file.

Game seed: 16900891120482178908

1908 ZARRMARR the Slicer (level 9, -3/62 HPs)
             Began as an Octopode Monk on Sept 9, 2021.
             Slain by a killer bee (6 damage)
             ... on level 7 of the Dungeon.
             The game lasted 00:26:30 (7316 turns).

ZARRMARR the Slicer (Octopode Monk)                 Turns: 7316, Time: 00:26:30

Health: -3/62      AC:  2    Str: 11    XL:     9   Next: 16%
Magic:  9/9        EV: 15    Int: 15    God:
Gold:   304        SH:  0    Dex: 14    Spells: 8/8 levels left

rFire    + . .     SeeInvis .   a - +2 short sword
rCold    . . .     Faith    .   (no shield)
rNeg     . . .     Spirit   .   c - +1 hat
rPois    +         Reflect  .   (no amulet)
rElec    .         Harm     .   u - ring of protection from fire
rCorr    .         Rampage  .   h - ring of poison resistance
Will     .....                  (no ring)
Stlth    +++++.....             (no ring)
HPRegen  0.20/turn              (no ring)
MPRegen  0.11/turn              (no ring)
                                (no ring)
                                (no ring)

@: hasted, very quick
A: almost no armour, amphibious, 8 rings, camouflage 1, gelatinous body 1,
(nimble swimmer 1), tentacles
a: no special abilities


You were on level 7 of the Dungeon.
You visited 1 branch of the dungeon, and saw 7 of its levels.
You also visited: Ossuary.

You collected 304 gold pieces.

Inventory:

Hand Weapons
 a - a +2 short sword (weapon)
 f - a +0 vorpal hand axe
Missiles
 w - 3 poisoned darts (quivered)
Armour
 c - a +1 hat (worn)
Jewellery
 h - a ring of poison resistance (right tentacle)
 u - a ring of protection from fire (left tentacle)
Wands
 e - a wand of iceblast (4)
 q - a wand of polymorph (10)
 s - a wand of flame (14)
 y - a wand of acid (6)
Scrolls
 k - 2 scrolls of amnesia
 l - a scroll of holy word
 n - a scroll of fog
 r - a scroll of blinking {unknown}
 v - a scroll of immolation {unknown}
Potions
 b - a potion of brilliance {unknown}
 d - a potion of magic
 i - a potion of might {unknown}
 j - a potion of haste
 m - 2 potions of curing
 o - a potion of degeneration {unknown}
 p - a potion of cancellation {unknown}
 t - a potion of berserk rage {unknown}
 x - a potion of flight {unknown}


   Skills:
 + Level 5.9 Fighting
 * Level 8.0 Short Blades
 + Level 5.9 Dodging
 + Level 7.9 Stealth


You had 8 spell levels left.
You didn't know any spells.
Your spell library contained the following spells:

 Spells                   Type           Power      Damage    Failure   Level
 Magic Dart               Conj           0%         1d3       26%         1
 Sandblast                Erth           0%         2d4       26%         1
 Call Imp                 Summ           0%         N/A       38%         2
 Passwall                 Tmut/Erth      0%         N/A       38%         2
 Slow                     Hex            0%         N/A       38%         2
 Call Canine Familiar     Summ           0%         N/A       63%         3
 Confusing Touch          Hex            0%         N/A       63%         3
 Mephitic Cloud           Conj/Pois/Air  0%         N/A       63%         3
 Portal Projectile        Hex/Tloc       0%         N/A       63%         3
 Stone Arrow              Conj/Erth      0%         3d7       63%         3
 Leda's Liquefaction      Hex/Erth       0%         N/A       95%         4
 Lee's Rapid Deconstruct  Erth           0%         3d5*      100%        5
 Yara's Violent Unravell  Hex/Tmut       0%         3d3       100%        5
 Lehudib's Crystal Spear  Conj/Erth      0%         10d2      100%        8
 Animate Armour           Summ/Erth      Unusable   N/A       N/A         4

Dungeon Overview and Level Annotations

Branches:
Dungeon (7/15)             Temple (0/1) D:7         Ossuary (visited)

Altars:
Elyvilon
Nemelex Xobeh
Vehumet

Shops:
D:4 [


Innate Abilities, Weirdness & Mutations

You cannot wear most types of armour.
You are amphibious.
You can wear up to eight rings at the same time.
Your skin changes colour to match your surroundings (Stealth+).
Your rubbery body absorbs attacks. (AC +1, EV +1)
((You are camouflaged near water. (Stealth+)))
You have tentacles for arms and can constrict up to eight enemies at once.


Message History

You kill the killer bee!
The killer bee stings you.
A sky beast appears from thin air!
Reactivating autopickup.
Your Short Blades skill increases to level 8!
You hit the killer bee. You grab the killer bee.
The killer bee is severely wounded.
You constrict the killer bee. The killer bee barely misses you.
The killer bee stings you! The killer bee barely misses you.
The killer bee completely misses you.
You hit the killer bee. Your grab misses the killer bee.
The killer bee is lightly wounded.
You constrict the killer bee. The killer bee closely misses you. x2
You barely miss the killer bee. You grab the killer bee.
You squeeze the killer bee.
The killer bee is lightly wounded.
You constrict the killer bee, but do no damage.
You constrict the killer bee. The killer bee completely misses you.
The killer bee barely misses you.
The sky beast flickers out of sight!
Deactivating autopickup; reactivate with Ctrl-A.
The killer bee misses you.
It was a potion of haste.
You feel yourself speed up.
You constrict the killer bee.
You kill the killer bee!
You constrict the killer bee. The killer bee closely misses you.
The killer bee stings you!
You hit the killer bee. Your squeeze misses the killer bee.
The killer bee is almost dead.
You constrict the killer bee. The killer bee closely misses you.
Something hits you.
* * * LOW HITPOINT WARNING * * *
Something shocks you.
* * * LOW HITPOINT WARNING * * *
You release your grip on the killer bee.
The killer bee closely misses you. The killer bee stings you!
* * * LOW HITPOINT WARNING * * *
You hit the killer bee. You grab the killer bee.
The killer bee is almost dead.
You constrict the killer bee. The killer bee stings you.
You die...

.. #........# .#
#.......## . #.......# #
##..>....# #.....:.####.
#............
#####............
###..........######
##y@.....###### ####
###{.......## ....#
####...........#
.....####.†..#.........#
.8.8.#.....####........#
.⌠.⌠.....### ##.......#
.....#)#...# ##......#
.>.###)....# ######## y.
##......#


You could see a killer bee.

Vanquished Creatures
  Sigmund (D:4)
  A steam dragon (D:6)
  An ice beast (D:6)
  A necrophage (D:5)
  3 ogres
  A phantom (D:4)
  A centaur (D:6)
  A bullfrog (D:6)
  A scorpion (D:5)
  A wyvern skeleton (D:5)
  4 killer bees (D:7)
  A centaur zombie (D:6)
  A jelly (D:4)
  3 hounds
  3 orc priests
  A bullfrog skeleton (D:5)
  An orc wizard (D:4)
  A hound skeleton (D:4)
  12 mummies (Ossuary)
  5 gnolls
  A howler monkey skeleton (D:5)
  6 adders
  A shadow imp (D:7)
  4 white imps
  An adder zombie (D:5)
  A worm (D:2)
  A dart slug (D:1)
  10 orcs
  5 ball pythons
  4 endoplasms
  2 giant cockroaches
  5 goblins
  4 hobgoblins
  6 jackals
  6 kobolds
  3 quokkas
  4 bats
  3 gnoll skeletons (Ossuary)
  4 goblin skeletons (Ossuary)
  2 goblin zombies (D:4)
  An orc skeleton (Ossuary)
  2 rats
  11 rat skeletons (Ossuary)
  A spectral goblin (D:3)
132 creatures vanquished.

Notes
Turn   | Place    | Note
-------+----------+-------------------------------------------
     0 | D:1      | ZARRMARR the Octopode Monk began the quest for the Orb.
     0 | D:1      | Reached XP level 1. HP: 16/16 MP: 1/1
    69 | D:1      | Reached XP level 2. HP: 13/21 MP: 2/2
   621 | D:2      | Reached XP level 3. HP: 22/26 MP: 3/3
  1482 | D:2      | Reached XP level 4. HP: 31/31 MP: 4/4
  1902 | D:3      | Found a faded altar of an unknown god.
  2182 | D:3      | Reached skill level 4 in Short Blades
  2375 | D:3      | Found a white marble altar of Elyvilon.
  2635 | D:4      | Found a sand-covered staircase.
  2642 | Ossuary  | Entered an ossuary
  2709 | Ossuary  | Reached XP level 5. HP: 36/36 MP: 5/5
  3364 | Ossuary  | Reached XP level 6. HP: 43/43 MP: 6/6
  3523 | D:4      | Found Uhud's Armour Shoppe.
  3551 | D:4      | Reached skill level 5 in Short Blades
  3582 | D:5      | Entered Level 5 of the Dungeon
  3896 | D:5      | Reached skill level 5 in Stealth
  4098 | D:5      | Reached XP level 7. HP: 49/49 MP: 7/7
  4378 | D:5      | Found a radiant altar of Vehumet.
  4883 | D:4      | Found Wapsuren's Magic Scroll Shoppe.
  5120 | D:4      | Noticed Sigmund
  5126 | D:4      | Killed Sigmund
  5127 | D:4      | Reached skill level 6 in Short Blades
  5494 | D:4      | Reached XP level 8. HP: 21/54 MP: 8/8
  5702 | D:5      | Reached skill level 5 in Fighting
  5803 | D:5      | Found a sparkling altar of Nemelex Xobeh.
  5900 | D:5      | Reached skill level 5 in Dodging
  6222 | D:6      | Reached skill level 7 in Short Blades
  6509 | D:6      | Reached XP level 9. HP: 62/62 MP: 9/9
  6809 | D:7      | Found a staircase to the Ecumenical Temple.
  7308 | D:7      | Reached skill level 8 in Short Blades
  7315 | D:7      | HP: 3/62 [killer bee (9)]
  7316 | D:7      | Slain by a killer bee

Illustrated notes

Levels and vault maps discovered:
D:1:      dpeg_arrival_three_same_balls, layout_rooms
D:2:      layout_basic
D:3:      layout_basic, lemuel_coloured_pillars_altar,
          dreamdust_ecumenical_altar_drowned_temple, item_on_display_a
D:4:      layout_cave_pools, enter_ossuary_4, serial_shops,
          nicolae_shop_waterfront, shop, chequers_jeans, uniq_sigmund
D:5:      layout_loops_corners, vehumet_crystals, nemelex_diamond_rough_becter,
          hangedman_decor_peaks_small, kennysheep_boxes
D:6:      layout_rooms, cheibrodos_ashenzari_chains, kennysheep_generic_room_15,
          uniq_crazy_yiuf_cottage
D:7:      layout_cave_pods, chequers_temple_overflow_minitemple,
          minmay_temple_entry_drinking_statues

Skill      XL: |  1  2  3  4  5  6  7  8  9 |
---------------+----------------------------+-----
Stealth        | 3 4 5 6 7 |  7.9
Short Blades   | 4 5 6 7 8 |  8.0
Fighting       | 4 5 |  5.9
Dodging        | 4 5 |  5.9

Action                   |  1- 3 |  4- 6 |  7- 9 || total
-------------------------+-------+-------+-------++-------
Melee: Short sword       |    58 |   151 |   145 ||   354
       Constrict         |    13 |    29 |    32 ||    74
       Tentacles         |     7 |    28 |    34 ||    69
Throw: Dart              |       |       |    19 ||    19
Evoke: Wand              |       |     3 |    12 ||    15
  Use: Scroll            |     1 |     9 |     3 ||    13
       Potion            |       |       |     6 ||     6
 Stab: Sleeping          |     6 |    18 |     8 ||    32
Armor: Skin              |     3 |     7 |    10 ||    20
Dodge: Dodged            |    31 |    59 |   108 ||   198
